 Dungeon Crawl Stone Soup version 0.30-a0-118-ga018f8e90f (webtiles) character file.

Game seed: 5878985016437879997

1554 MisterAzrael the Cleaver (level 9, -2/71 HPs)
             Began as a Formicid Fighter on Sept 13, 2022.
             Slain by an iguana (4 damage)
             ... on level 6 of the Dungeon.
             The game lasted 00:05:24 (4753 turns).

MisterAzrael the Cleaver (Formicid Fighter)         Turns: 4753, Time: 00:05:25

Health: -2/71      AC: 13    Str: 25    XL:     9   Next: 12%
Magic:  9/9        EV:  3    Int: 15    God:
Gold:   352        SH:  5    Dex: 13    Spells: 8/8 levels left

rFire   + + .      SeeInvis +    d - +9 broad axe "Ytapsud" {flame, Int+7}
rCold   + . .      Faith    .    c - +0 buckler
rNeg    . . .      Spirit   .    L - +0 gold dragon scales
rPois   +          Reflect  .    (helmet unavailable)
rElec   .          Harm     .    (no cloak)
rCorr   .          Rampage  .    (no gloves)
Will    .....                    (no boots)
Stlth   ..........               (no amulet)
HPRegen 0.21/turn                m - ring of flight
MPRegen 0.11/turn                o - ring of protection from fire

@: brilliant, flying
A: permanent stasis, dig shafts and tunnels, antennae 3, four strong arms,
mutation resistance 1
a: Dig, Shaft Self


You were on level 6 of the Dungeon.
You visited 1 branch of the dungeon, and saw 6 of its levels.
You also visited: Ossuary.

You collected 352 gold pieces.

Inventory:

Hand Weapons
 a - a +0 war axe
 d - the +9 broad axe "Ytapsud" (weapon) {flame, Int+7}
   (You found it on level 4 of the Dungeon)

   It burns those it strikes, dealing additional fire damage.
   Big, fiery blades are also staple armaments of hydra-hunters.
   Int:       It affects your intelligence (+7).
Missiles
 l - 8 javelins (quivered)
 p - a throwing net
 H - 6 boomerangs
 I - 2 atropa-tipped darts
 J - 6 poisoned darts
Armour
 b - a +0 scale mail
 c - a +0 buckler (worn)
 L - +0 gold dragon scales (worn)
Jewellery
 m - a ring of flight (left hand)
 o - a ring of protection from fire (right hand)
 D - a +4 ring of evasion
 E - a ring of wizardry
 G - an amulet of faith
Wands
 u - a wand of flame (21)
Scrolls
 e - 2 scrolls of enchant weapon {unknown}
 h - 8 scrolls of identify {unknown}
 i - a scroll of magic mapping {unknown}
 n - 2 scrolls of teleportation {unknown}
 q - 3 scrolls of vulnerability {unknown}
 r - a scroll of enchant armour {unknown}
 s - 2 scrolls of torment {unknown}
 v - a scroll of fear {unknown}
 x - a scroll of noise {unknown}
 y - 2 scrolls of butterflies {unknown}
 z - a scroll of immolation {unknown}
Potions
 f - a potion of mutation
 g - a potion of berserk rage {unknown}
 j - a potion of haste {unknown}
 k - a potion of heal wounds {unknown}
 t - a potion of brilliance
 w - a potion of invisibility {unknown}
 A - a potion of attraction {unknown}
 B - a potion of flight {unknown}
 C - 2 potions of cancellation {unknown}
 F - 3 potions of curing {unknown}
 K - a potion of lignification {unknown}


   Skills:
 + Level 6.5 Fighting
 * Level 8.3 Axes
 + Level 4.9 Throwing
 - Level 3.2 Armour
 - Level 4.0 Shields


You had 8 spell levels left.
You didn't know any spells.
Your spell library contained the following spells:

 Spells                   Type           Power      Damage    Failure   Level
 Cigotuvi's Dreadful Rot  Necr/Pois/Air  0%         N/A       100%        2
 Poisonous Vapours        Pois/Air       0%         N/A       100%        2


Dungeon Overview and Level Annotations

Branches:
Dungeon (6/15)            Ossuary (visited)
 Temple: D:4-7

Altars:
Ashenzari
Okawaru
Qazlal
Vehumet

Shops:
D:5 *


Innate Abilities, Weirdness & Mutations

You cannot be hasted, slowed, berserked, paralysed or teleported.
You can dig through walls and to a lower floor.
You have a pair of large antennae on your head. (SInv)
Your four strong arms can wield two-handed weapons with a shield.
You are somewhat resistant to further mutation.


Message History

You slash the sky beast! You burn the sky beast.
The sky beast is severely wounded.
The centaur shoots an arrow.
The arrow hits you!
The centaur shoots an arrow.
The arrow hits you!
The sky beast hits you but does no damage.
You hear a shout!
You are too injured to fight recklessly!
You are too injured to fight recklessly!
It was a potion of mutation.
You feel extremely strange.
You feel genetically stable.
The centaur shoots an arrow.
The arrow hits you.
* * * LOW HITPOINT WARNING * * *
The sky beast hits you.
* * * LOW HITPOINT WARNING * * *
The sky beast shocks you.
* * * LOW HITPOINT WARNING * * *
The centaur shoots an arrow.
You block the arrow. The sky beast attacks as you move away!
The sky beast hits you but does no damage.
An ufetubus comes into view.
The sky beast flickers out of sight for a moment.
The centaur shoots an arrow.
The arrow hits you.
* * * LOW HITPOINT WARNING * * *
You barely miss the sky beast.
The sky beast is severely wounded.
The centaur shoots an arrow.
The arrow hits you but does no damage. The sky beast barely misses you.
A jelly comes into view.
You closely miss the sky beast.
The sky beast is severely wounded.
An orc comes into view.
It is wielding a +0 long sword and carrying a wand of roots (11).
The sky beast hits you.
* * * LOW HITPOINT WARNING * * *
The sky beast shocks you.
* * * LOW HITPOINT WARNING * * *
It was a potion of brilliance.
You feel clever all of a sudden.
The sky beast hits you but does no damage.
The iguana bites you.
You die...

................ ...............>
#...........oJ..
#................ .###
#..$............. {...#
#............. ...#
.#.##.....c5...... ...
.#.#####Yl.#......# #..
.#.###..@..#...... ##.. ##..
.##.................# #...
#...#............#.##...#######..
....#.#.........##.####..#.#.....
#...#............##...........# .
#....<.................##...###
#.##.##...............####....#
.....##...............##.##...###
#.....................##.......#.


You could see a sky beast, a centaur, an iguana, a jelly, an orc and an
ufetubus.

Vanquished Creatures
  Sigmund (D:5)
  An ogre (D:5)
  A necrophage (D:5)
  3 scorpions
  4 wights (D:6)
  2 howler monkeys
  3 centaur zombies (Ossuary)
  3 hounds
  3 human zombies (Ossuary)
  3 orc priests (D:4)
  2 iguanas
  6 orc wizards
  3 mummies (Ossuary)
  3 adders
  A gnoll (D:1)
  An ufetubus (D:4)
  4 adder zombies (Ossuary)
  2 worms
  2 dart slugs (D:3)
  10 orcs
  4 ball pythons
  7 endoplasms
  2 giant cockroaches
  A gnoll zombie (Ossuary)
  9 goblins
  6 hobgoblins
  7 jackals
  6 kobolds
  2 quokkas
  4 bats
  3 frilled lizards
  3 goblin zombies
  6 hobgoblin zombies (Ossuary)
  A jackal zombie (Ossuary)
  5 kobold zombies (Ossuary)
  2 orc zombies (Ossuary)
  7 quokka zombies
  5 rats
  4 rat zombies (Ossuary)
142 creatures vanquished.

Notes
Turn   | Place    | Note
-------+----------+-------------------------------------------
     0 | D:1      | MisterAzrael the Formicid Fighter began the quest for the
                  | Orb.
     0 | D:1      | Reached XP level 1. HP: 18/18 MP: 1/1
    46 | D:1      | Found a faded altar of an unknown god.
   121 | D:1      | Reached XP level 2. HP: 24/24 MP: 2/2
   190 | D:1      | Reached skill level 3 in Axes
   542 | D:1      | Reached XP level 3. HP: 15/29 MP: 3/3
  1204 | D:2      | Found a radiant altar of Vehumet.
  1354 | D:2      | Reached XP level 4. HP: 24/35 MP: 4/4
  1558 | D:2      | Reached skill level 4 in Axes
  1784 | D:3      | Found an iron altar of Okawaru.
  1882 | D:3      | Reached skill level 1 in Throwing
  2103 | D:3      | Found a stormy altar of Qazlal.
  2103 | D:3      | Found a broken altar of Ashenzari.
  2412 | D:4      | Reached XP level 5. HP: 30/42 MP: 5/5
  2510 | D:4      | Reached XP level 6. HP: 27/48 MP: 6/6
  2512 | D:4      | Reached skill level 5 in Axes
  2522 | D:4      | Identified the +9 broad axe "Ytapsud" {flame, Int+7}
  2857 | D:4      | Found a sand-covered staircase.
  2874 | Ossuary  | Entered an ossuary
  2886 | Ossuary  | Reached XP level 7. HP: 55/55 MP: 7/7
  3010 | Ossuary  | Reached skill level 6 in Axes
  3183 | Ossuary  | Reached skill level 5 in Fighting
  3799 | D:5      | Entered Level 5 of the Dungeon
  3821 | D:5      | Reached XP level 8. HP: 62/62 MP: 8/8
  3821 | D:5      | Found Waruth's Assorted Antiques.
  3965 | D:5      | Reached skill level 7 in Axes
  4049 | D:5      | Noticed Sigmund
  4053 | D:5      | Killed Sigmund
  4397 | D:6      | Reached skill level 8 in Axes
  4397 | D:6      | Reached XP level 9. HP: 60/69 MP: 9/9
  4748 | D:6      | Gained mutation: You are somewhat resistant to further
                  | mutation. [potion of mutation]
  4752 | D:6      | HP: 2/71 [sky beast (6)]
  4753 | D:6      | Slain by an iguana

Illustrated notes

Levels and vault maps discovered:
D:1:      lightli_arrival_chessboard, layout_basic, basic_ecumenical_altar
D:2:      layout_rooms, basic_altar
D:3:      layout_basic, nicolae_overflow_crystal_walls,
          gammafunk_temple_overflow_elements
D:4:      layout_loops_cross, enter_ossuary_4
D:5:      layout_basic, serial_shops, nicolae_shop_overgrown_old_shop,
          uniq_sigmund
D:6:      layout_cave_pools, temple_hall_moat, minmay_ogre_servants

Skill      XL: |  1  2  3  4  5  6  7  8 |
---------------+-------------------------+-----
Axes           | 3 4 5 6 8 |  8.3
Throwing       | 1 2 3 4 |  4.9
Fighting       | 4 5 6 |  6.5
Armour         | |  3.2
Shields        | |  4.0

Action                   |  1- 3 |  4- 6 |  7- 9 || total
-------------------------+-------+-------+-------++-------
Melee: War axe           |    85 |    62 |       ||   147
       Broad axe         |       |    14 |   128 ||   142
Throw: Javelin           |       |     1 |       ||     1
  Use: Potion            |       |     1 |     2 ||     3
 Stab: Confused          |       |       |     1 ||     1
Armor: Scale mail        |    39 |    38 |    30 ||   107
       Gold dragon scale |       |       |     8 ||     8
Dodge: Dodged            |    32 |    31 |    57 ||   120
Block: Buckler           |    25 |    21 |    31 ||    77

Table legend: (Time is in decaauts)
 A = Elapsed time spent in this place.
 B = Non-inter-level travel time spent in this place.
 C = Inter-level travel time spent in this place.
 D = Time resting spent in this place.
 E = Time spent auto-exploring this place.
 F = Levels seen in this place.
 G = Mean time per level.
                   A        B        C        D        E       F      G
               +--------+--------+--------+--------+--------+-----+--------+
         Total |   4851 |   4449 |    402 |    503 |   3063 |   7 |  693.0 |
       Dungeon |   4488 |   4086 |    402 |    503 |   2842 |   6 |  748.0 |
       Ossuary |    363 |    363 |      0 |      0 |    221 |   1 |  363.0 |
               +--------+--------+--------+--------+--------+-----+--------+

Top non-repeatable levels by time:
     D:1: 1186 daAuts
     D:4: 1139 daAuts
     D:3: 801 daAuts
     D:2: 579 daAuts
     D:5: 561 daAuts
 Ossuary: 363 daAuts
     D:6: 220 daAuts
